[Event "ESTCC U65 2018"]
[Site "Walbrzych"]
[Date "2018.04.14"]
[Round "1"]
[White "Kauko, Pekka"]
[Black "Westerinen, Heikki M J"]
[Result "0-1"]
[ECO "E95"]
[WhiteElo "1961"]
[BlackElo "2308"]
[Annotator "NA"]
[PlyCount "88"]
[EventDate "2018.??.??"]
[EventCountry "POL"]
[SourceTitle "playchess.com"]
[Source "ChessBase"]
[SourceQuality "1"]
[WhiteTeam "Finland"]
[BlackTeam "Finland"]
[WhiteTeamCountry "FIN"]
[BlackTeamCountry "FIN"]
[TimeControl "40/5400+30:1800+30"]

1. d4 Nf6 2. c4 g6 3. Nc3 Bg7 4. e4 d6 5. Nf3 O-O 6. Be2 e5 7. O-O Nbd7 8. Re1 c6 9. Rb1 Re8 10. dxe5 {[%emt 0:01:33] E95: King's Indian: Classical: 7...Nbd7 8 Re1} (10. d5 Nc5 11. Bf1 a5 12. b3 cxd5 13. cxd5 Bd7 14. Nd2 Qe7 15. a3 Reb8 16. a4 Ne8 17. Nc4 b6 18. b4 Nxa4 19. Nxa4 Bxa4 20. Qxa4 b5 21. Qc2 bxc4 {0-1 (76) Phiri,R (2342)-Roselli Mailhe,B (2434) Baku 2016}) 10... dxe5 $146 ({Predecessor:} 10... Nxe5 11. Nxe5 dxe5 12. Be3 Qxd1 13. Rexd1 Ng4 14. Bxg4 Bxg4 15. f3 Be6 16. b3 b6 17. Rd3 Red8 18. Rbd1 Bf6 19. Rxd8+ Rxd8 20. Rxd8+ Bxd8 {½-½ (20) De Castro,E-Naranja,R Manila 1973}) 11. h3 Qc7 12. b4 Nf8 13. Be3 Ne6 14. Qc1 Nh5 15. Bf1 Nd4 16. Bxd4 exd4 17. Na4 b6 18. Nb2 Bb7 19. c5 b5 20. a4 a6 21. Nd3 Nf6 22. axb5 cxb5 23. e5 Nd7 24. Nxd4 (24. Qf4 $11) 24... Nxe5 25. Nxe5 Bxe5 26. Nc2 Bd5 27. Ne3 Ba2 28. Rb2 Bxb2 29. Qxb2 Be6 30. Be2 Rad8 31. Ra1 Bc8 32. Bf3 Qe5 33. Qb1 Rd2 34. Ra2 Qd4 35. Rxd2 $19 Qxd2 36. Kf1 Rd8 37. Qe1 Qxe1+ 38. Kxe1 Kf8 39. Nd5 Bb7 40. Nc7 Bxf3 41. gxf3 Ke7 42. Ke2 Kd7 43. Nd5 Kc6 44. Ne7+ Kc7 0-1

[Event "ESTCC U65 2018"]
[Site "Walbrzych"]
[Date "2018.04.14"]
[Round "1"]
[White "Jorgensen, Arne Bjorn"]
[Black "Tunik, Gennady"]
[Result "0-1"]
[ECO "A46"]
[WhiteElo "1956"]
[BlackElo "2351"]
[Annotator "NA"]
[PlyCount "100"]
[EventDate "2018.??.??"]
[EventCountry "POL"]
[SourceTitle "playchess.com"]
[Source "ChessBase"]
[SourceQuality "1"]
[WhiteTeam "Denmark"]
[BlackTeam "Russia"]
[WhiteTeamCountry "DEN"]
[BlackTeamCountry "RUS"]
[TimeControl "40/5400+30:1800+30"]

1. d4 Nf6 2. Nf3 e6 3. g3 b6 4. Bg2 Bb7 5. O-O c5 6. c4 cxd4 7. Nxd4 Qc8 8. b3 Bxg2 9. Kxg2 Qb7+ {[%emt 0:00:16] A30: Symmetrical English: Double Fianchetto and Hedgehog} (9... Be7 10. Ba3 Bxa3 11. Nxa3 a6 12. Rc1 O-O 13. Nb1 Nc6 14. Nc3 Ne5 15. Nf3 Qb7 16. Qd6 Nxf3 17. exf3 Rfc8 {½-½ (88) Zhou,J (2636)-Yu,Y (2672) Hefei 2011}) 10. Kg1 a6 11. Bb2 Be7 12. Nc3 O-O 13. e3 d6 14. Qf3 Qxf3 15. Nxf3 Nbd7 16. Rfd1 Rfc8 17. Kg2 $146 ({Predecessor:} 17. Nd4 Nc5 {½-½ (28) Benko,P (2420)-Stangl,M (2360) Augsburg 1988}) 17... Nc5 18. Nd4 g6 19. f3 Rab8 20. Rac1 Bf8 21. Nde2 Nfd7 22. f4 f5 23. Kf3 Kf7 24. e4 b5 25. cxb5 axb5 26. b4 (26. exf5 $11 gxf5 27. b4) 26... Nxe4 27. Nxe4 fxe4+ 28. Kxe4 d5+ 29. Kf3 Bxb4 30. Nd4 Bc5 31. Re1 Bxd4 32. Bxd4 Rc4 33. Bf2 Ra8 34. Rb1 Rc3+ 35. Kg4 Nf6+ 36. Kh3 Ne4 37. Bg1 g5 38. Rxb5 gxf4 39. Rf1 f3 40. Bd4 Rd3 41. Rb7+ $19 Kg6 42. Be5 Rxa2 43. g4 h5 44. Rc1 Nf2+ 45. Kh4 Nxg4 46. Bg3 Ra4 47. Kh3 Nh6 48. Rc6 Re4 49. Rcc7 Nf5 50. Rc8 Nxg3 0-1

[Event "ESTCC U65 2018"]
[Site "Walbrzych"]
[Date "2018.04.14"]
[Round "1"]
[White "Nilsson, Christer"]
[Black "Olesen, Poul Erik Norgaard"]
[Result "0-1"]
[ECO "C41"]
[WhiteElo "1931"]
[BlackElo "2005"]
[Annotator "NA"]
[PlyCount "60"]
[EventDate "2018.??.??"]
[EventCountry "POL"]
[SourceTitle "playchess.com"]
[Source "ChessBase"]
[SourceQuality "1"]
[WhiteTeam "Sweden"]
[BlackTeam "Denmark"]
[WhiteTeamCountry "SWE"]
[BlackTeamCountry "DEN"]
[TimeControl "40/5400+30:1800+30"]

1. e4 e5 2. Nf3 d6 3. d4 exd4 4. Nxd4 g6 5. Bc4 Bg7 6. Nc3 Nc6 7. Nxc6 bxc6 8. Qd3 Ne7 9. O-O O-O 10. Bg5 Kh8 11. Rfe1 h6 12. Bf4 g5 13. Be3 Ng6 $11 14. Qd2 Ne5 15. Be2 Qf6 16. Rad1 Qg6 17. f4 gxf4 18. Bxf4 Rg8 19. Rf1 Be6 20. Rf2 h5 21. h4 Bf6 22. Bg5 Bxg5 23. hxg5 Qxg5 24. Qe1 Rg7 25. Rd2 Rag8 26. Nd1 Qg3 27. Bxh5 Rh7 28. Qe2 Bg4 29. Bxg4 Qh2+ 30. Kf1 Qh1# 0-1

[Event "ESTCC U65 2018"]
[Site "Walbrzych"]
[Date "2018.04.14"]
[Round "1"]
[White "Ruotanen, Helge"]
[Black "Kradolfer, Georg"]
[Result "1-0"]
[ECO "B15"]
[WhiteElo "1921"]
[BlackElo "2084"]
[Annotator "NA"]
[PlyCount "75"]
[EventDate "2018.??.??"]
[EventCountry "POL"]
[SourceTitle "playchess.com"]
[Source "ChessBase"]
[SourceQuality "1"]
[WhiteTeam "Finland"]
[BlackTeam "Switzerland"]
[WhiteTeamCountry "FIN"]
[BlackTeamCountry "SUI"]
[TimeControl "40/5400+30:1800+30"]

1. e4 c6 2. d4 d5 3. f3 dxe4 4. Nc3 e5 {[%emt 0:04:11] B15: Caro-Kann: 3 Nc3: 3...g6 and 3...dxe4 4 Nxe4 Nf6 5 Nxf6+ exf6} (4... exf3 5. Nxf3 Bg4 6. h3 Bxf3 7. Qxf3 e6 8. Bd2 Nf6 9. O-O-O Be7 10. g4 Qxd4 11. Nb5 Qb6 12. Be3 Qa5 13. Bd2 Qb6 14. Be3 Qa5 15. Bd2 Qb6 16. Be3 c5 17. Bf4 {½-½ (17) Gareyev,T (2617)-Shimanov,A (2642) Burlingame 2017}) 5. dxe5 Qxd1+ 6. Nxd1 exf3 7. Nxf3 Bg4 8. Nf2 Bh5 9. Bd2 $146 ({Predecessor:} 9. Bc4 Nd7 10. e6 fxe6 11. Ng5 O-O-O 12. O-O {1-0 (67) Genocchio,D (2372)-Janocko,P Olomouc 2002}) 9... Nd7 10. g4 Bg6 11. O-O-O Bc5 12. Nd3 Bb6 13. Re1 O-O-O 14. Nf4 Nc5 15. Ng5 Nh6 16. h4 f6 17. exf6 gxf6 18. Nge6 Be4 19. Rh3 Rde8 20. Bc4 f5 21. g5 Ng4 22. Bc3 Nf2 23. Rg3 Rhg8 24. Nxc5 Bxc5 25. Bxg8 Rxg8 26. Nh5 Bd6 27. Rgg1 Rd8 28. Rgf1 Ng4 29. Nf6 Nh2 30. Nxe4 fxe4 31. Rf7 Re8 32. Rxh7 Bf4+ $18 33. Kb1 Nf3 34. Re2 e3 35. Rh8 Rxh8 36. Bxh8 Ng1 37. g6 Bh6 38. Rxe3 1-0

[Event "ESTCC U65 2018"]
[Site "Walbrzych"]
[Date "2018.04.14"]
[Round "1"]
[White "Gromark, Per-Olof"]
[Black "Malmdin, Nils-Ake"]
[Result "1/2-1/2"]
[ECO "E91"]
[WhiteElo "1901"]
[BlackElo "2154"]
[Annotator "NA"]
[PlyCount "66"]
[EventDate "2018.??.??"]
[EventCountry "POL"]
[SourceTitle "playchess.com"]
[Source "ChessBase"]
[SourceQuality "1"]
[WhiteTeam "Sweden"]
[BlackTeam "Sweden"]
[WhiteTeamCountry "SWE"]
[BlackTeamCountry "SWE"]
[TimeControl "40/5400+30:1800+30"]

1. c4 g6 2. e4 Bg7 3. d4 d6 4. Nc3 Nf6 5. Nf3 O-O 6. Be2 Nbd7 7. O-O e5 8. d5 Nc5 9. Qc2 a5 10. Bg5 h6 11. Be3 b6 12. Nd2 Bd7 13. b3 Ne8 14. a3 f5 15. f3 Nf6 16. b4 Nb7 17. Nb5 Nh5 18. Rfc1 Nf4 19. Bf1 c5 20. dxc6 Bxc6 21. Nc3 Ne6 22. Nd5 Nd4 23. Bxd4 exd4 24. Bd3 Rc8 25. Qd1 Rf7 26. exf5 gxf5 27. Qe1 Bxd5 28. cxd5 Rc3 29. Bb5 Qg5 30. Qe8+ Bf8 31. Qe1 Bg7 32. Qe8+ Bf8 33. Qe1 Bg7 1/2-1/2

[Event "ESTCC U65 2018"]
[Site "Walbrzych"]
[Date "2018.04.14"]
[Round "1"]
[White "Marks, Ian A"]
[Black "Lindholm, Pertti"]
[Result "1-0"]
[ECO "B08"]
[WhiteElo "1895"]
[BlackElo "1624"]
[Annotator "NA"]
[PlyCount "53"]
[EventDate "2018.??.??"]
[EventCountry "POL"]
[SourceTitle "playchess.com"]
[Source "ChessBase"]
[SourceQuality "1"]
[WhiteTeam "Scotland"]
[BlackTeam "Finland"]
[WhiteTeamCountry "SCO"]
[BlackTeamCountry "FIN"]
[TimeControl "40/5400+30:1800+30"]

1. d4 Nf6 2. Nf3 d6 3. Nc3 g6 4. e4 Bg7 5. Be3 Ng4 6. Bg5 f6 7. Bh4 O-O 8. Bc4+ Kh8 9. Bg3 Nc6 10. Qe2 Na5 11. Bd3 c5 12. O-O-O cxd4 13. Nxd4 f5 14. Nf3 Bxc3 15. bxc3 Be6 16. Nd4 Bxa2 17. exf5 gxf5 18. Bxf5 Nh6 19. Ne6 Qb6 20. Bd3 Rf6 21. Qe4 Nf5 22. Nd4 d5 23. Qe5 Nxg3 24. hxg3 Nc4 25. Rxh7+ Kg8 26. Qxd5+ e6 27. Qg5+ 1-0

[Event "ESTCC U65 2018"]
[Site "Walbrzych"]
[Date "2018.04.14"]
[Round "1"]
[White "Auvinen, Esa"]
[Black "Giulian, Philip M"]
[Result "0-1"]
[ECO "B08"]
[WhiteElo "1888"]
[BlackElo "2124"]
[Annotator "NA"]
[PlyCount "70"]
[EventDate "2018.??.??"]
[EventCountry "POL"]
[SourceTitle "playchess.com"]
[Source "ChessBase"]
[SourceQuality "1"]
[WhiteTeam "Finland"]
[BlackTeam "Scotland"]
[WhiteTeamCountry "FIN"]
[BlackTeamCountry "SCO"]
[TimeControl "40/5400+30:1800+30"]

1. e4 d6 2. d4 Nf6 3. Nc3 g6 4. Nf3 Bg7 5. Be2 O-O 6. O-O a6 7. b4 $146 {[%emt 0:04:05] B08: Pirc Defence: Classical System} ({Predecessor:} 7. a4 Nc6 8. h3 e5 9. dxe5 dxe5 10. Bc4 h6 11. Be3 Qe7 12. Qe2 Be6 13. Rfd1 Rad8 14. Bb3 Rfe8 15. Rxd8 Rxd8 16. Bxe6 Qxe6 {0-1 (68) Wang,H (2709)-Yu,Y (2751) Huaian 2017}) 7... Nc6 8. a3 e5 9. dxe5 dxe5 10. Qxd8 Rxd8 11. Bb2 Bg4 12. Rad1 Bxf3 13. Rxd8+ Rxd8 14. Bxf3 Nd4 15. Bd1 Bh6 16. f3 Nd7 17. Ne2 Be3+ 18. Kh1 Nb6 19. Nxd4 Bxd4 20. Bxd4 Rxd4 21. Be2 Na4 22. Bd3 Nb2 23. Kg1 Nxd3 24. cxd3 Rxd3 25. Rc1 c6 26. a4 Rb3 27. Rc4 f6 28. a5 Kf7 29. Kf2 Rb2+ 30. Kf1 Ke6 31. Kg1 Kd6 32. Kf1 $19 Kc7 33. Kg1 b5 34. axb6+ Kxb6 35. Kf1 Rd2 0-1

[Event "ESTCC U65 2018"]
[Site "Walbrzych"]
[Date "2018.04.14"]
[Round "1"]
[White "Fitzke, Ulrich"]
[Black "Ackermann, Hans Werner"]
[Result "0-1"]
[ECO "A41"]
[WhiteElo "1827"]
[BlackElo "2211"]
[Annotator "NA"]
[PlyCount "94"]
[EventDate "2018.??.??"]
[EventCountry "POL"]
[SourceTitle "playchess.com"]
[Source "ChessBase"]
[SourceQuality "1"]
[WhiteTeam "Germany"]
[BlackTeam "Germany"]
[WhiteTeamCountry "GER"]
[BlackTeamCountry "GER"]
[TimeControl "40/5400+30:1800+30"]

1. d4 d6 2. c4 e5 3. Nc3 exd4 4. Qxd4 Nc6 5. Qd1 g6 {[%emt 0:01:34] A21: English Opening: 1...e5 2 Nc3} 6. b3 Bg7 7. Bb2 Nf6 8. e3 Bf5 $146 ({Find the theoretical novelty and annotate with similar games:} 8... O-O 9. Be2 Ne4 10. Rc1 Qh4 11. g3 Qf6 12. Bf3 Nc5 13. Na4 {0-1 (38) Eid,M (2081)-Mamedov,R (2660) Bastia 2011}) 9. Bd3 Bxd3 10. Qxd3 O-O 11. Nf3 Nb4 12. Qe2 a5 13. O-O Re8 14. Rfd1 Na6 15. Nd5 a4 16. Nxf6+ Bxf6 17. Bxf6 Qxf6 18. Nd4 Nc5 19. b4 Ne4 20. Rac1 h5 21. Qf3 Qxf3 22. Nxf3 a3 23. Nd2 Ra4 24. b5 Rb4 25. Nb1 ({White should play} 25. Nb3) 25... Rb2 26. f3 Nc5 27. Rc3 Rxa2 28. Nxa3 Ra8 29. Nb1 Rb2 30. Ra3 Rxa3 31. Nxa3 Rb3 32. b6 (32. Nc2 $17 {was called for.}) 32... Rxa3 33. bxc7 Ra8 $19 34. Rxd6 Ne6 35. Rb6 Rc8 36. Rxb7 Nxc7 37. Kf2 Ne6 38. Rb4 Ra8 39. f4 f5 40. h3 Nc5 41. Kf3 Ra2 42. g4 Ne4 43. gxf5 gxf5 44. Rb8+ Kf7 45. Rb7+ Ke8 46. Rb8+ Kd7 47. Rb7+ Kc6 0-1

[Event "ESTCC U65 2018"]
[Site "Walbrzych"]
[Date "2018.04.14"]
[Round "1"]
[White "Andersson, Kenneth"]
[Black "Carlsten, Peter"]
[Result "1/2-1/2"]
[ECO "A04"]
[WhiteElo "1763"]
[BlackElo "2010"]
[Annotator "NA"]
[PlyCount "65"]
[EventDate "2018.??.??"]
[EventCountry "POL"]
[SourceTitle "playchess.com"]
[Source "ChessBase"]
[SourceQuality "1"]
[WhiteTeam "Sweden"]
[BlackTeam "Sweden"]
[WhiteTeamCountry "SWE"]
[BlackTeamCountry "SWE"]
[TimeControl "40/5400+30:1800+30"]

1. Nf3 f5 2. d4 Nf6 3. e3 g6 4. Bc4 Bg7 5. Nbd2 Nc6 6. b3 Na5 7. Bd3 O-O 8. Bb2 d6 9. c4 e5 10. dxe5 Ng4 11. O-O Nc6 12. Be2 Ngxe5 13. Nxe5 Nxe5 14. Qc2 Qe7 15. Rad1 b6 16. Bxe5 Bxe5 $14 17. Bf3 Rb8 18. Bd5+ Kh8 19. Nf3 Bg7 20. Nd4 Bd7 21. Nc6 Bxc6 22. Bxc6 a5 23. Rfe1 Qf6 24. h3 Rf7 25. Re2 Re7 26. Rde1 Re5 27. Qd3 Rc5 28. Bf3 Re8 29. g3 Re7 30. Kg2 Rce5 31. Bd5 Re8 32. Bc6 Ra8 33. Qd1 1/2-1/2

[Event "ESTCC U65 2018"]
[Site "Walbrzych"]
[Date "2018.04.14"]
[Round "1"]
[White "Heikkila, Raine"]
[Black "White, Alastair F"]
[Result "0-1"]
[ECO "A41"]
[WhiteElo "1705"]
[BlackElo "2069"]
[Annotator "NA"]
[PlyCount "120"]
[EventDate "2018.??.??"]
[EventCountry "POL"]
[SourceTitle "playchess.com"]
[Source "ChessBase"]
[SourceQuality "1"]
[WhiteTeam "Finland"]
[BlackTeam "Scotland"]
[WhiteTeamCountry "FIN"]
[BlackTeamCountry "SCO"]
[TimeControl "40/5400+30:1800+30"]

1. d4 d6 2. c4 e5 3. dxe5 dxe5 4. Qxd8+ Kxd8 5. e4 Nc6 6. a3 Nd4 7. Kd1 Nb3 8. Ra2 Bc5 9. f3 Nxc1 10. Kxc1 Be6 11. Nc3 c6 12. Bd3 Kc7 13. b3 Rd8 14. Be2 Nf6 15. Nd1 Rd4 16. b4 Be7 17. Rc2 a5 18. Rd2 Rxd2 19. Kxd2 axb4 20. a4 Nd7 21. Nb2 Nc5 22. Bd1 Rd8+ 23. Kc2 b3+ 24. Kb1 Nd3 25. Ne2 Nf2 26. Rf1 Nxd1 27. Rxd1 Rxd1+ 28. Nxd1 Bxc4 29. Nc1 Ba3 30. Nb2 Bf1 31. g3 Bg2 32. Nxb3 Bxb2 33. Kxb2 Bxf3 34. Nd2 Bd1 35. Ka3 c5 36. Nc4 f6 37. Nd2 Kc6 38. Nc4 Bc2 39. Nd2 b6 40. h3 h5 41. h4 g6 42. a5 bxa5 43. Kb2 Bd3 44. Kc3 Be2 45. Nb3 Kb5 46. Nc1 Bc4 47. Kc2 Kb4 48. Kb2 a4 49. Kc2 a3 50. Kb1 Kc3 51. Ka1 Kd2 52. Kb1 Bd3+ 53. Nxd3 Kxd3 54. Ka2 c4 55. Kxa3 c3 56. Kb3 c2 57. Kb2 Kd2 58. Ka2 c1=Q 59. g4 Kc3 60. gxh5 Qb2# 0-1